 Dungeon Crawl Stone Soup version 0.14-a0-40-g75911bd (webtiles) character file.

53652 Malachi the Nimble (level 13, -15/103 HPs)
             Began as a Demigod Transmuter on Sept 28, 2013.
             Demolished by an orc knight
             ... wielding a +1,+1 orcish battleaxe
              (23 damage)
             ... on Level 4 of the Orcish Mines.
             The game lasted 01:28:16 (34637 turns).

Malachi the Nimble (Demigod Transmuter)            Turns: 34637, Time: 01:28:16

HP -15/103       AC  2     Str 13      XL: 13   Next: 93%
MP  22/29        EV 37     Int 23      God:
Gold 1430        SH  0     Dex 25      Spells:  4 memorised, 14 levels left

Res.Fire  : . . .   See Invis. : .   a - melded +10,+4 trident of the Octopus King {venom, Res.Cold : . . . Warding : . e - melded +1 leather armour "Frinuant" {Str+3 Int+3} Life Prot.: . . . Conserve : + (shield currently unavailable)
Res.Poison: x       Res.Corr.  : .   Q - melded +0 helmet {SInv}
Res.Elec. : .       Clarity    : .   m - melded +1 cloak
Sust.Abil.: . .     Spirit.Shd : .   (gloves currently unavailable)
Res.Mut.  : .       Stasis     : .   (boots currently unavailable)
Res.Rott. : .       Flight     : .   J - amulet of conservation
Saprovore : . . .                    b - +5,+3 ring of slaying
                                     L - +6,+5 ring of slaying

@: spider-form, quick, somewhat resistant to hostile enchantments, stealthy
A: no striking features
a: End Transformation


You were on level 4 of the Orcish Mines.
You were not hungry.
You were in spider-form.
You visited 3 branches of the dungeon, and saw 23 of its levels.

You collected 1830 gold pieces.
You spent 420 gold pieces at shops.

Inventory:

Hand weapons
 a - the +10,+4 trident of the Octopus King (melded) {venom, rElec rPois MR+}
   (You found it on level 7 of the Lair of Beasts)

   It poisons the flesh of those it strikes.
   It insulates you from electricity.
   It protects you from poison.
   It affects your resistance to hostile enchantments.
Armour
 e - the cursed +1 leather armour "Frinuant" (melded) {Str+3 Int+3}
   (You bought it in a shop on level 3 of the Orcish Mines)

   It affects your strength (+3).
   It affects your intelligence (+3).
   It has a curse placed upon it.
 l - the -2 pair of gloves "Asogoin" {rElec SInv}
   (You acquired it on level 3 of the Orcish Mines)

   It insulates you from electricity.
   It enhances your eyesight.
 m - a +1 cloak (melded)
 Q - a +0 helmet of see invisible (melded)
Magical devices
 x - a wand of digging (20)
 I - a wand of invisibility (3)
Comestibles
 f - a chunk of hobgoblin flesh
 g - 5 meat rations
 n - 3 chunks of orc flesh
Scrolls
 j - a scroll of identify
 t - 6 scrolls of fog
Jewellery
 b - a +5,+3 ring of slaying (right front leg)
 c - an uncursed ring of sustain abilities
 d - an uncursed amulet of stasis
 k - an uncursed ring of teleportation
 q - an uncursed ring of fire
 u - an uncursed ring of wizardry
 y - an uncursed amulet of clarity
 J - an amulet of conservation (around neck)
 L - a +6,+5 ring of slaying (left front leg)
Potions
 h - 2 potions of flight
 i - 7 potions of curing
 o - 2 potions of might
 s - a potion of heal wounds
 w - 3 potions of speed
 B - a potion of invisibility
 O - a potion of resistance


   Skills:
 + Level 8.3 Fighting
   Level 0.5 Maces & Flails
 - Level 0.1 Polearms
 + Level 2.1 Armour
 + Level 13.5 Dodging
 - Level 0.6 Stealth
 + Level 10.9 Unarmed Combat
 + Level 6.4 Spellcasting
 - Level 9.2 Transmutations
 + Level 6.5 Ice Magic
 - Level 0.1 Poison Magic
 - Level 1.1 Evocations


You had 14 spell levels left.
You knew the following spells:

 Your Spells              Type           Power        Failure   Level  Hunger
a - Beastly Appendage     Trmt           ######       2%          1    None
b - Sticks to Snakes      Trmt           ######....   3%          2    None
c - Spider Form           Trmt/Pois      ####......   14%         3    #......
d - Ice Form              Ice/Trmt       #####.....   12%         4    ###....


Dungeon Overview and Level Annotations

Branches:
Dungeon (11/27)            Temple (0/1) D:7             Orc (4/4) D:7
    Elf (0/3) Orc:4          Lair (8/8) D:11          Swamp (0/5) Lair:4
  Snake (0/5) Lair:6        Slime (0/6) Lair:7

Shops:
D:4 !   D:6 *(   D:11 (   Orc:3 *!


Message History

Unknown command.
Casting: Ice Form
Confirm with . or Enter, or press ? or * to list all spells.
You warm up again.
The +10,+4 trident of the Octopus King {venom, rElec rPois MR+} unmelds from your body.
It begins to drip with poison!
Your +1 cloak unmelds from your body.
Your +0 helmet of see invisible unmelds from your body.
You feel perceptive.
The cursed +1 leather armour "Frinuant" {Str+3 Int+3} unmelds from your body.
You feel stronger.
You feel clever.
You turn into a venomous arachnid creature.
The +10,+4 trident of the Octopus King {venom, rElec rPois MR+} melds into your body.
The +10,+4 trident of the Octopus King {venom, rElec rPois MR+} stops dripping with poison.
Your +1 cloak melds into your body.
Your +0 helmet of see invisible melds into your body.
You feel less perceptive.
The cursed +1 leather armour "Frinuant" {Str+3 Int+3} melds into your body.
You feel weaker.
You feel stupid.
The orc knight hits you with an orcish battleaxe!
You die...

............#.#....#.....#..#....
......).............#....#.......
..........#........#......#<...##
...........##.................###
...#....#..#......##.........#%).
..#...........................)..
..#.....##.#.....................
.....#...#####.oo................
..#.##..# ##....s.....#.........#
..#.# .........................##
... . ....................###
..... .........%....)...##..## ..
.........)..............#
........<..........#.....
...............)..#...#.#
......................##
.......................#


You could see an orc knight and an orc (frenzied).

Vanquished Creatures
  9 hydras
  Erica (Lair:1)
  12 death yaks (Lair:8)
  Urug (Orc:2)
  3 catoblepae (Lair:8)
  A lindwurm (Lair:7)
  Joseph (D:7)
  A cyclops (D:10)
  A necromancer (Lair:6)
  10 black mambas
  15 spiny frogs
  A fire drake (Lair:5)
  2 trolls
  A queen bee (Lair:8)
  Prince Ribbit (Lair:1)
  5 komodo dragons (Lair:8)
  16 blink frogs
  2 grizzly bears
  3 basilisks
  32 yaks
  2 elephant slugs (Lair:8)
  2 sharks (Lair:1)
  7 hippogriffs
  5 wolves (Lair:4)
  A merfolk (D:7)
  A necrophage (D:6)
  A rock worm (Lair:8)
  2 phantoms
  14 porcupines
  12 orc warriors
  2 sky beasts
  3 ice beasts
  3 black bears
  8 ogres
  A warg (Orc:1)
  6 crocodiles
  5 centaurs
  A boring beetle (Lair:7)
  Duvessa (D:7)
  A big kobold (D:10)
  5 giant slugs
  9 giant frogs
  8 agate snails
  19 water moccasins
  A troll zombie (D:10)
  31 killer bees
  An eye of draining (D:10)
  4 electric eels (Lair:1)
  4 jellyfish (Lair:1)
  2 goliath beetles
  A troll skeleton (D:10)
  2 giant frog zombies (D:10)
  Dowan (D:7)
  7 crimson imps
  12 hounds
  23 orc priests
  7 big fish
  16 orc wizards
  5 iguanas
  2 scorpions
  5 worker ants
  5 orange rats (Lair:6)
  4 grizzly bear simulacra (Lair:6)
  Ijyb (D:7)
  13 sheep
  A big kobold skeleton (D:8)
  A hound skeleton (D:5)
  Terence (D:2)
  11 gnolls
  29 adders
  3 giant centipedes
  A worm zombie (D:5)
  37 green rats
  3 giant mites
  9 worms
  An iguana skeleton (D:9)
  A scorpion zombie (D:7)
  3 giant eyeballs
  9 giant geckos
  2 oozes
  107 orcs
  2 sheep simulacra (Lair:6)
  A ball python (D:5)
  15 bats
  A bat skeleton (D:5)
  A bat zombie (D:5)
  8 giant cockroaches
  12 goblins
  17 hobgoblins
  45 jackals
  21 kobolds
  20 quokkas
  4 giant newts
  A hobgoblin skeleton (D:4)
  24 rats
  5 rat simulacra (Lair:6)
  A rat skeleton (D:6)
  A rat zombie (D:6)
  2 fungi (Lair:8)
784 creatures vanquished.

Vanquished Creatures (collateral kills)
  A worm (D:2)
1 creature vanquished.

Vanquished Creatures (others)
  An orc wizard (D:6)
  An orc (D:8)
  A goblin (D:5)
  8 fungi
  3 plants (Lair:8)
14 creatures vanquished.

Grand Total: 799 creatures vanquished

Notes
Turn   | Place    | Note
--------------------------------------------------------------
     0 | D:1      | Malachi, the Demigod Transmuter, began the quest for the Orb.
     0 | D:1      | Reached XP level 1. HP: 16/16 MP: 3/3
   112 | D:1      | Reached skill level 3 in Unarmed Combat
   391 | D:1      | Reached XP level 2. HP: 7/23 MP: 2/4
  1110 | D:2      | Learned a level 2 spell: Sticks to Snakes
  1166 | D:2      | Reached XP level 3. HP: 25/28 MP: 1/7
  1935 | D:2      | Reached XP level 4. HP: 26/35 MP: 10/10
  2282 | D:2      | Learned a level 3 spell: Spider Form
  2336 | D:2      | Noticed Terence
  2350 | D:2      | Killed Terence
  3120 | D:3      | Reached skill level 1 in Fighting
  3120 | D:3      | Reached XP level 5. HP: 24/40 MP: 8/11
  4166 | D:4      | Found Ewaraiqo's Distillery.
  4177 | D:4      | Bought a potion of heal wounds for 36 gold pieces
  4177 | D:4      | Bought a potion of curing for 24 gold pieces
  4177 | D:4      | Bought a potion of curing for 24 gold pieces
  4597 | D:4      | Reached XP level 6. HP: 48/48 MP: 11/14
  4940 | D:5      | Entered Level 5 of the Dungeon
  5023 | D:5      | Reached skill level 4 in Dodging
  5478 | D:5      | Reached XP level 7. HP: 50/53 MP: 14/16
  6004 | D:5      | Reached skill level 5 in Dodging
  6411 | D:6      | Found Seogeadd's Weapon Shop.
  6826 | D:6      | Learned a level 4 spell: Ice Form
  6845 | D:6      | Reached XP level 8. HP: 61/61 MP: 16/18
  6880 | D:6      | Reached skill level 6 in Dodging
  7094 | D:6      | Reached skill level 5 in Transmutations
  7431 | D:6      | Reached skill level 1 in Armour
  7431 | D:6      | Reached skill level 5 in Unarmed Combat
  7608 | D:6      | Found Sefan's General Store.
  7625 | D:6      | Bought a scroll of identify for 26 gold pieces
  7715 | D:6      | Noticed a troll
  7741 | D:6      | Killed a troll
  7848 | D:6      | Reached skill level 7 in Dodging
  8633 | D:7      | Found a staircase to the Ecumenical Temple.
  8704 | D:7      | Noticed Duvessa
  8704 | D:7      | Noticed Dowan
  8725 | D:7      | Killed Duvessa
  8725 | D:7      | Reached XP level 9. HP: 65/69 MP: 18/20
  8726 | D:7      | Killed Dowan
  8805 | D:7      | Noticed Joseph
  8820 | D:7      | Killed Joseph
  9154 | D:7      | Reached skill level 8 in Dodging
  9501 | D:7      | Noticed Ijyb
  9515 | D:7      | Killed Ijyb
  9949 | D:7      | Paralysed by a giant eyeball for 4 turns
  9958 | D:7      | Paralysed by a giant eyeball for 2 turns
 10014 | D:7      | Found a roughly hewn altar of Beogh.
 10210 | D:7      | Found a staircase to the Orcish Mines.
 10906 | D:8      | Found a blossoming altar of Fedhas.
 11620 | D:9      | Reached skill level 9 in Dodging
 11620 | D:9      | Reached XP level 10. HP: 78/78 MP: 17/22
 12494 | D:10     | Entered Level 10 of the Dungeon
 12816 | D:10     | Noticed a cyclops
 12828 | D:10     | Killed a cyclops
 13382 | D:10     | Reached skill level 5 in Fighting
 14122 | D:10     | Reached skill level 1 in Ice Magic
 15104 | D:11     | Found a staircase to the Lair.
 15213 | D:11     | Found Gemu's Antique Weapon Emporium.
 15445 | Lair:1   | Entered Level 1 of the Lair of Beasts
 15445 | Lair:1   | Noticed an eight-headed hydra
 15536 | Lair:1   | Killed an eight-headed hydra
 15536 | Lair:1   | Reached skill level 1 in Evocations
 16080 | Lair:1   | Reached skill level 10 in Dodging
 16163 | Lair:1   | Reached XP level 11. HP: 56/84 MP: 22/24
 16489 | Lair:1   | Noticed Erica
 16498 | Lair:1   | Killed Erica
 16851 | Lair:1   | Noticed Prince Ribbit
 16864 | Lair:1   | Killed Prince Ribbit
 20534 | Lair:4   | Noticed a five-headed hydra
 20541 | Lair:4   | Killed a five-headed hydra
 20946 | Lair:4   | Noticed a four-headed hydra
 20954 | Lair:4   | Killed a four-headed hydra
 21426 | Lair:4   | Found a staircase to the Swamp.
 21585 | Lair:5   | Noticed a four-headed hydra
 21596 | Lair:5   | Killed a four-headed hydra
 21596 | Lair:5   | Reached XP level 12. HP: 55/93 MP: 22/26
 22082 | Lair:5   | Reached skill level 11 in Dodging
 22297 | Lair:5   | Found an ancient bone altar of Kikubaaqudgha.
 22970 | Lair:6   | Reached skill level 5 in Spellcasting
 23281 | Lair:6   | Got a scintillating turquoise ring
 23535 | Lair:6   | Found a staircase to the Snake Pit.
 23549 | Lair:6   | Reached skill level 5 in Ice Magic
 23765 | Lair:6   | Identified the ring "Quimn" {+Fly rC+ MR+ Int+2} (You found it on level 6 of the Lair of Beasts)
 25727 | Lair:7   | Noticed a five-headed hydra
 25738 | Lair:7   | Killed a five-headed hydra
 26118 | Lair:7   | Found a staircase to the Slime Pits.
 26436 | Lair:8   | Entered Level 8 of the Lair of Beasts
 26494 | Lair:8   | Reached skill level 12 in Dodging
 26939 | Lair:8   | Reached skill level 10 in Unarmed Combat
 26953 | Lair:8   | Reached XP level 13. HP: 102/102 MP: 23/28
 28726 | Lair:8   | Noticed an eight-headed hydra
 28881 | Lair:8   | Noticed a six-headed hydra
 28892 | Lair:8   | Killed a six-headed hydra
 29466 | Lair:8   | Killed an eight-headed hydra
 29466 | Lair:8   | Reached skill level 13 in Dodging
 29505 | Lair:8   | Noticed a five-headed hydra
 30312 | Lair:8   | Killed a five-headed hydra
 30611 | Lair:8   | HP: 1/123 [death yak (18)]
 32531 | D:8      | Paralysed by a giant eyeball for 3 turns
 32585 | Orc:1    | Entered Level 1 of the Orcish Mines
 32947 | Orc:2    | Noticed Urug
 32970 | Orc:2    | HP: 5/123 [Urug/glowing dire flail (29)]
 32980 | Orc:2    | Killed Urug
 33283 | Orc:3    | Found Doohoz's Distillery.
 33732 | Orc:3    | Found Wupuc's Assorted Antiques.
 33775 | Orc:3    | Bought a brightly glowing leather armour for 217 gold pieces
 33775 | Orc:3    | Bought a scroll of identify for 62 gold pieces
 33775 | Orc:3    | Bought a scroll labeled CHE NUOLEMOP for 31 gold pieces
 33783 | Orc:3    | Got a pair of distressingly furry gloves
 33788 | Orc:3    | Identified the -2 pair of gloves "Asogoin" {rElec SInv} (You acquired it on level 3 of the Orcish Mines)
 33801 | Orc:3    | Identified the cursed +1 leather armour "Frinuant" {Str+3 Int+3} (You bought it in a shop on level 3 of the Orcish Mines)
 33951 | Orc:4    | Entered Level 4 of the Orcish Mines
 33971 | Orc:4    | Found a roughly hewn altar of Beogh.
 34593 | Orc:4    | Found a staircase to the Elven Halls.
 34637 | Orc:4    | Demolished by an orc knight

Action                   |  1- 3 |  4- 6 |  7- 9 | 10-12 | 13-15 || total
-------------------------+-------+-------+-------+-------+-------++-------
Melee: Unarmed           |   135 |   146 |   495 |   808 |   369 ||  1953
       Mace              |       |   149 |   241 |    83 |       ||   473
       Trident           |       |       |       |       |    97 ||    97
 Cast: Beastly Appendage |    20 |    26 |    25 |     9 |     4 ||    84
       Sticks to Snakes  |     5 |       |       |       |       ||     5
       Spider Form       |       |    16 |    45 |    13 |     2 ||    76
       Ice Form          |       |       |     3 |    86 |    45 ||   134
 Abil: End Transformatio |       |       |     5 |    16 |    11 ||    32
Evoke: Wand              |       |     2 |     1 |    16 |    11 ||    30
  Use: Scroll            |     6 |     7 |    15 |    18 |    10 ||    56
       Potion            |       |       |       |     1 |     6 ||     7
 Stab: Sleeping          |       |       |     3 |     4 |     2 ||     9
       Paralysed         |       |       |       |     1 |       ||     1
       Distracted        |       |       |       |       |     1 ||     1
